 Dungeon Crawl Stone Soup version 0.28-a0-1638-g9123634e07 (webtiles) character file.

Game seed: 7284206902696879851

339 siradein the Conjurer (level 6, -20/32 HPs)
             Began as a Deep Elf Conjurer on Jan 26, 2022.
             Killed from afar by a steam dragon (22 damage)
             ... with a ball of steam
             ... on level 4 of the Dungeon.
             The game lasted 00:13:19 (5032 turns).

siradein the Conjurer (Deep Elf Conjurer)           Turns: 5032, Time: 00:13:20

Health: -20/32     AC:  4    Str:  6    XL:     6   Next: 29%
Magic:  13/16      EV: 13    Int: 23    God:
Gold:   137        SH:  0    Dex: 13    Spells: 6/16 levels left

rFire   . . .      SeeInvis .   i - +10 dagger "Lifugguss" {drain, +Blink Will+ Stlth-}
rCold   + . .      Faith    .   (no shield)
rNeg    . . .      Spirit   .   a - +0 robe
rPois   .          Reflect  .   (no helmet)
rElec   .          Harm     .   y - +0 cloak
rCorr   .          Rampage  .   (no gloves)
Will    +....                   m - +0 pair of boots
Stlth   +.........              (no amulet)
HPRegen 0.10/turn               n - ring of protection from cold
MPRegen 0.15/turn               (no ring)

@: no status effects
A: no striking features
a: Evoke Blink


You were on level 4 of the Dungeon.
You visited 1 branch of the dungeon, and saw 4 of its levels.

You collected 137 gold pieces.

Inventory:

Hand Weapons
 i - the +10 dagger "Lifugguss" (weapon) {drain, +Blink Will+ Stlth-}
   (You found it on level 2 of the Dungeon)

   A truly terrible weapon, it drains the life of any living foe it strikes.
   +Blink:    It lets you blink.
   Will:      It increases your willpower.
   Stlth:     It makes you less stealthy.
Missiles
 t - 2 throwing nets
Armour
 a - a +0 robe (worn)
 d - a +0 ring mail
 l - a +2 scale mail of positive energy
 m - a +0 pair of boots (worn)
 y - a +0 cloak (worn)
Jewellery
 n - a ring of protection from cold (left hand)
Wands
 p - a wand of iceblast (7)
 u - a wand of flame (5)
 w - a wand of acid (11)
Scrolls
 b - a scroll of enchant armour {unknown}
 e - a scroll of silence {unknown}
 f - 2 scrolls of identify {unknown}
 h - a scroll of fear {unknown}
 j - a scroll of noise {unknown}
 s - a scroll of teleportation {unknown}
 z - a scroll of acquirement {unknown}
Potions
 c - a potion of invisibility {unknown}
 g - a potion of lignification {unknown}
 k - a potion of resistance {unknown}
 o - a potion of cancellation {unknown}
 q - a potion of curing {unknown}
 r - a potion of brilliance {unknown}
 v - a potion of heal wounds {unknown}
 x - a potion of degeneration {unknown}
 A - a potion of flight {unknown}


   Skills:
 + Level 5.0 Dodging
 - Level 2.4 Stealth
 + Level 5.7 Spellcasting
 + Level 6.0 Conjurations


You had 6 spell levels left.
You knew the following spells:

 Your Spells              Type           Power      Damage    Failure   Level
a - Magic Dart            Conj           100%       1d8       1%          1
b - Searing Ray           Conj           68%        2d6       1%          2
c - Dazzling Flash        Conj/Hex       40%        N/A       8%          3
d - Fulminant Prism       Conj/Hex       10%        3d9       26%         4

Your spell library contained the following spells:

 Spells                   Type           Power      Damage    Failure   Level
 Tukima's Dance           Hex            6%         N/A       26%         3
 Iskenderun's Mystic Bla  Conj/Tloc      20%        2d6       26%         4
 Passage of Golubria      Tloc           6%         N/A       65%         4
 Agony                    Necr           6%         N/A       94%         5
 Silence                  Hex/Air        3%         N/A       94%         5
 Yara's Violent Unravell  Hex/Tmut       3%         3d4       94%         5


Dungeon Overview and Level Annotations

Branches:
Dungeon (4/15)
 Temple: D:4-7

Altars:
Elyvilon

Annotations:
D:3 2 transporters, porpoise's ghost, amateur OpBr


Message History

The iguana is moderately wounded. (Press . to maintain the ray.)
The iguana barely misses you.
The searing ray hits the iguana!
The iguana is severely wounded.
The iguana bites you.
The searing ray hits the iguana.
You kill the iguana!
Your Conjurations skill increases to level 6!
HP restored.
Found 2 poisoned darts.
You now have 137 gold pieces (gained 22).
w - a wand of acid (11) (gained 4 charges)
You see here 20 bolts.
You see here a hobgoblin corpse.
The steam dragon hisses angrily.
The steam dragon breathes steam at you. The ball of steam hits you!
Casting: Searing Ray (safe; 1% risk of failure)
Confirm with . or Enter, or press ? or * to list all spells.
The spell is extremely dangerous to miscast (26% risk of failure)!
Continue anyway?
Okay, then.
The magic dart hits the steam dragon.
The steam dragon is lightly wounded.
Casting: Magic Dart (safe; 1% risk of failure)
Confirm with . or Enter, or press ? or * to list all spells.
Aiming: Searing Ray (safe; 1% risk of failure)
Press: ? - help, Shift-Dir - straight line, f/p - steam dragon
Aim: a steam dragon (lightly wounded, 81% to hit)
The searing ray hits the steam dragon.
The steam dragon is moderately wounded. (Press . to maintain the ray.)
The steam dragon breathes steam at you. The ball of steam hits you!!
Ouch! That really hurt!
* * * LOW HITPOINT WARNING * * *
The steam dragon breathes steam at you. The ball of steam hits you!!
Ouch! That really hurt!
You die...

#...# #######.....#####....##
###.# #....s....### ####..#
#.# #...###...# ###.## #.#
#.### #############....# #.#
#.# #...§.D........# #.# #.#
#..##########.§# #.# #.####
#D.#....(...#..# ####
#.)..####§§#.######.#..#
#.####.###...@§§#.#....#.#..#
##....(#####.)#§#.#.##.#.#D##
##......## #..#§#.#.#(.#.#.#
##........###..#.#.#.#.[#.#.#
#.###.###.....##.#.#.####.#.#
### #.##########.#.#......#.#
##.## #..#.########.# #..##
#..........[..# ##...##
##.######.######


You could see a steam dragon (catching breath).

Vanquished Creatures
  A scorpion (D:4)
  An iguana (D:4)
  A hound skeleton (D:4)
  Robin (D:2)
  7 gnolls
  4 adders
  An ufetubus (D:4)
  An adder skeleton (D:4)
  3 dart slugs (D:2)
  5 orcs
  9 ball pythons
  7 endoplasms
  3 giant cockroaches
  18 goblins
  12 hobgoblins
  3 jackals (D:1)
  4 quokkas
  6 bats
  4 frilled lizards
  11 kobolds
  5 rats
107 creatures vanquished.

Notes
Turn   | Place    | Note
-------+----------+-------------------------------------------
     0 | D:1      | siradein the Deep Elf Conjurer began the quest for the Orb.
     0 | D:1      | Reached XP level 1. HP: 10/10 MP: 6/6
   241 | D:1      | Reached XP level 2. HP: 15/15 MP: 5/8
   906 | D:2      | Learned a level 2 spell: Searing Ray
   954 | D:2      | Reached XP level 3. HP: 16/19 MP: 6/10
  1302 | D:2      | Reached skill level 5 in Conjurations
  1390 | D:2      | Reached XP level 4. HP: 24/24 MP: 4/12
  1674 | D:2      | Identified the +10 dagger "Lifugguss" {drain, +Blink Will+
                  | Stlth-}
  1800 | D:2      | Found a faded altar of an unknown god.
  1849 | D:2      | Noticed Robin
  1853 | D:2      | Killed Robin
  1989 | D:1      | Learned a level 3 spell: Dazzling Flash
  2649 | D:2      | Learned a level 4 spell: Fulminant Prism
  2736 | D:3      | Noticed porpoise's ghost (amateur OpBr)
  2759 | D:3      | Found a transporter.
  2777 | D:3      | Found a transporter.
  2873 | D:3      | Reached XP level 5. HP: 28/28 MP: 9/14
  3144 | D:3      | Found a white marble altar of Elyvilon.
  3384 | D:3      | Reached skill level 5 in Spellcasting
  3918 | D:4      | Noticed a steam dragon
  4412 | D:4      | Reached XP level 6. HP: 23/32 MP: 12/16
  4727 | D:4      | Reached skill level 5 in Dodging
  4948 | D:4      | Reached skill level 6 in Conjurations
  5032 | D:4      | Killed from afar by a steam dragon

Illustrated notes

Levels and vault maps discovered:
D:1:      dpeg_arrival_stonehenge_8_columns, layout_loops_cross
D:2:      layout_basic, nicolae_ecumenical_snake_handling, uniq_robin
D:3:      minmay_bubble_buster, layout_basic, elyvilon_altar_4,
          gammafunk_ghost_arena
D:4:      layout_layer_cave, kennysheep_another_room, minivault_5

Skill      XL: |  1  2  3  4  5  6 |
---------------+-------------------+-----
Dodging        | 3 4 5 |  5.0
Spellcasting   | 4 5 |  5.7
Conjurations   | 5 6 |  6.0
Stealth        | |  2.4

Action                   |  1- 3 |  4- 6 || total
-------------------------+-------+-------++-------
 Cast: Magic Dart        |    61 |   118 ||   179
       Searing Ray       |     3 |    10 ||    13
Armor: Robe              |     2 |     3 ||     5
Dodge: Dodged            |     5 |    18 ||    23

Table legend: (Time is in decaauts)
 A = Elapsed time spent in this place.
 B = Non-inter-level travel time spent in this place.
 C = Inter-level travel time spent in this place.
 D = Time resting spent in this place.
 E = Time spent auto-exploring this place.
 F = Levels seen in this place.
 G = Mean time per level.
                   A        B        C        D        E       F      G
               +--------+--------+--------+--------+--------+-----+--------+
         Total |   5040 |   4937 |    103 |    496 |   3707 |   4 | 1260.0 |
       Dungeon |   5040 |   4937 |    103 |    496 |   3707 |   4 | 1260.0 |
               +--------+--------+--------+--------+--------+-----+--------+

Top non-repeatable levels by time:
     D:2: 1579 daAuts
     D:3: 1543 daAuts
     D:1: 1116 daAuts
     D:4: 800 daAuts
